Map: 천상의 쟁탈전

Players

테라진

  • Race: Zerg Zerg
  • Spawn Location: 7:00

마버로아

  • Race: Terran Terran
  • Spawn Location: 6:00

VOD

Have the link to the VOD?

Description

Time

  • Played on: Oct. 7, 2017, 9:28 a.m.
  • Length: 19:53
Show
View Real Time Build Order
Export as new Build Order

테라진 Zerg 

Build Orders:  

Get SALT Encoding   

  6  0:10  Drone x2  
  6  0:18  Drone x2  
  8  0:28  Drone x2  
  9  0:36  Drone x2  
  10  0:47  Drone x2  
  11  0:54  Drone x2  
  12  1:02  Drone x2  
  12  1:09  Drone x2  
  14  1:17  Extractor  
  14  1:18  Extractor  
  13  1:20  Drone x2  
  14  1:40  Spawning Pool  
  13  1:55  Overlord  
  13  2:14  Baneling Nest  
  13  2:15  Drone x2  
  14  2:23  Swarmling x3  
  14  2:24  Swarmling x6  
  18  2:32  Drone x4  
  18  2:34  Drone x2  
  21  2:42  Overlord  
  21  3:18  Hatchery  
  21  3:19  Drone x4  
  25  3:25  Centrifical Hooks  
  25  3:45  Extractor  
  26  3:57  Extractor  
  26  3:59  Drone x2  
  27  4:00  Drone x6  
  30  4:12  Evolution Chamber  
  30  4:14  Evolution Chamber  
  30  4:18  Metabolic Boost  
  31  4:24  Overlord  
  31  4:36  Lair  
  31  4:47  Drone x2  
  34  4:52  Drone x2  
  34  4:53  Drone x2  
  34  4:54  Drone x2  
  39  5:22  Drone x2  
  39  5:23  Drone x2  
  39  5:24  Drone x2  
  39  5:26  Heroic Fortitude  
  42  5:38  Hive  
  42  5:39  Medusa Blades  
  42  5:41  Scourge Nest  
  42  5:44  Corrosive Acid  
  43  5:51  Hardened Carapace  
  43  6:06  Overlord x2  
  44  6:37  Zerg Melee Weapons Level 1  
  45  6:41  Simplified Genome  
  45  6:48  Hatchery  
  47  6:54  Hatchery, Overlord  
  46  7:14  Rupture  
  48  7:22  Hatchery  
  48  7:30  Hatchery  
  48  7:36  Overlord  
  48  7:39  Pneumatized Carapace  
  47  7:41  Zerg Ground Armor Level 1  
  47  7:43  Adrenal Overload  
  47  7:45  Virulent Spores  
  49  8:04  Overlord x2  
  49  8:05  Overseer  
  49  8:06  Overseer  
  46  8:43  Shredding Claws  
  44  8:51  Zerg Flyer Weapons Level 1  
  44  9:05  Swarmling x30  
  44  9:08  Swarmling x9  
  44  9:09  Swarmling x3, Scourge x2  
  66  9:10  Scourge x28  
  66  9:11  Scourge x4  
  79  9:44  Roach x8  
  79  9:45  Roach x12  
  80  9:55  Zerg Melee Weapons Level 2  
  80  9:58  Aberration x4  
  61  10:22  Swarmling x9  
  61  10:23  Swarmling x6  
  61  10:26  Scourge x2  
  61  10:27  Scourge x24  
  62  10:41  Scourge x12  
  62  10:44  Swarmling x3  
  62  10:45  Swarmling x57  
  62  10:46  Swarmling x3  
  98  10:54  Swarmling x3  
  98  10:55  Swarmling x9  
  95  11:00  Overseer x2  
  95  11:03  Overlord  
  95  11:07  Swarmling x3  
  95  11:08  Swarmling x6  
  81  11:26  Swarmling x24  
  81  11:27  Swarmling x3  
  93  11:42  Scourge x12  
  93  11:45  Zerg Flyer Weapons Level 2  
  91  12:29  Swarmling x3  
  77  12:30  Swarmling x6  
  65  12:41  Scourge x22  
  74  12:51  Roach x8  
  74  12:52  Roach x12, Scourge x2  
  74  12:53  Scourge x28  
  74  12:54  Scourge x4  
  87  13:20  Scourge x2  
  87  13:21  Scourge x16  
  87  13:23  Swarmling x6  
  68  13:58  Swarmling x21  
  68  13:59  Swarmling x21  
  78  14:10  Swarmling x3  
  78  14:11  Swarmling x45  
  78  14:12  Swarmling x6  
  83  14:23  Scourge x2  
  83  14:24  Scourge x14  
  89  14:42  Scourge x18  
  89  14:49  Zerg Melee Weapons Level 3  
  65  15:27  Swarmling x6  
  40  15:40  Swarmling x3  
  40  15:41  Swarmling x21  
  40  15:46  Swarmling x18, Scourge x2  
  40  15:47  Swarmling x3, Scourge x10  
  69  15:57  Swarmling x3  
  69  15:58  Roach x8, Swarmling x21  
  69  15:59  Roach x12  
  76  16:16  Scourge x12  
  76  16:17  Scourge x6  
  76  16:19  Swarmling x9  
  99  16:20  Swarmling x15  
  96  16:32  Scourge x4  
  96  16:33  Scourge x10  
  96  16:38  Scourge x4  
  74  16:44  Swarmling x3  
  74  16:45  Swarmling x24  
  69  16:53  Scourge x2  
  69  16:54  Scourge x10  
  58  17:02  Swarmling x3  
  58  17:03  Swarmling x15  
  64  17:11  Swarmling x6  
  64  17:12  Swarmling x6  
  68  17:24  Swarmling x3  
  68  17:25  Swarmling x18  
  68  17:32  Scourge x6  
  68  17:33  Scourge x6  
  68  17:38  Swarmling x12  
  75  17:47  Overlord  
  75  17:48  Overlord  
  70  18:31  Swarmling x39  
  70  18:32  Swarmling x6  
  95  19:05  Scourge x8  
  95  19:23  Scourge x2  
  95  19:24  Scourge x12  
Show
View Real Time Build Order
Export as new Build Order

마버로아 Terran 

Build Orders:  

Get SALT Encoding   

  11  1:14  Barracks  
  11  1:19  Command Center  
  11  2:18  Orbital Command  
  11  6:18  Orbital Command  
Tags
 
Add a new tag
Caveats
  • Supply blocks, unpowered buildings, or Contaminate may cause inaccurate times.
  • Supply counts are checked every 10 seconds.